 Dungeon Crawl Stone Soup version 0.20-a0-927-g1ae2c61 (webtiles) character file.

3647 Isola the Carver (level 10, -11/54 HPs)
             Began as a Tengu Gladiator on Mar 29, 2017.
             Was a Believer of Ashenzari.
             Mangled by an ogre
             ... wielding a +0 giant spiked club
              (16 damage)
             ... while paralysed by a hornet
             ... on level 8 of the Dungeon.
             The game lasted 00:17:28 (9977 turns).

Isola the Carver (Tengu Gladiator)                  Turns: 9977, Time: 00:17:29

Health: -11/54     AC:  6    Str: 14      XL:     10   Next: 12%
Magic:  10/11      EV:  2    Int: 13      God:    Ashenzari [**....]
Gold:   330        SH:  0    Dex: 14 (15) Spells: 9/9 levels left

rFire    . . .     SeeInvis .   p - +4 long sword (holy)
rCold    . . .     Gourm    .   y - +0 buckler
rNeg     . . .     Faith    .   b - +0 leather armour
rPois    .         Spirit   .   c - +0 hat
rElec    .         Reflect  .   k - +0 cloak (curse)
rCorr    .         Harm     .   q - +0 pair of gloves (curse)
MR       .....                  (boots unavailable)
Stlth    +.........             (no amulet)
Regen    0.2/turn               x - ring of wizardry
MPRegen  0.2/turn               (no ring)

@: paralysed, lethally poisoned (-11 -> -18), flying quickly and evasively,
slowed, quick
A: beak, talons 3, able to fly 1
a: Curse Item, Scrying, Renounce Religion


You were on level 8 of the Dungeon.
You worshipped Ashenzari.
Ashenzari was pleased with you.
You were not hungry.

You visited 2 branches of the dungeon, and saw 9 of its levels.

You collected 330 gold pieces.

Inventory:

Hand Weapons
 f - a +3 scimitar
 p - a +4 long sword of holy wrath (weapon)
Missiles
 m - 6 javelins (quivered)
Armour
 b - a +0 leather armour (worn)
 c - a +0 hat (worn)
 k - a cursed +0 cloak (worn)
 q - a cursed +0 pair of gloves (worn)
 y - a +0 buckler (worn)
Jewellery
 x - a ring of wizardry (left hand)
Wands
 d - a wand of confusion (8/48)
Scrolls
 h - a scroll of enchant weapon {unknown}
 i - 2 scrolls of enchant armour {unknown}
 j - 2 scrolls of magic mapping
 l - 2 scrolls of fog {unknown}
 n - a scroll of immolation {unknown}
 t - a scroll of fear {unknown}
 w - 2 scrolls of teleportation {unknown}
 A - a scroll of blinking {unknown}
Potions
 a - a potion of resistance {unknown}
 e - a potion of degeneration
 r - a potion of flight
 u - 2 potions of haste {unknown}
 v - a potion of cancellation
 z - a potion of agility {unknown}
Comestibles
 g - 7 chunks of flesh
 o - 5 meat rations
 s - 4 fruits
 B - a royal jelly


   Skills:
 + Level 2.6 Fighting
 * Level 11.4 Long Blades
 - Level 2.0 Throwing
 - Level 4.7 Armour
 + Level 8.5 Dodging
 - Level 4.6 Shields


You had 9 spell levels left.
You didn't know any spells.

Dungeon Overview and Level Annotations

Branches:
Dungeon (8/15)             Temple (1/1) D:7
   Lair: D:8-11

Altars:
Ashenzari
Cheibriados
Dithmenos
Elyvilon
Fedhas
Gozag
Kikubaaqudgha
Makhleb
Nemelex Xobeh
Qazlal
Ru
Sif Muna
Trog
Uskayaw
Vehumet
Yredelemnul
Zin
Lugonu

Annotations:
D:8 Psyche


Innate Abilities, Weirdness & Mutations

You have a beak for a mouth.
You have claws for feet.
You can fly.


Message History

The hornet stings you but does no damage.
The hornet closely misses you.
A bullfrog comes into view.
The bullfrog croaks.
You hit the hornet. Your kick misses the hornet.
The hornet is moderately wounded.
The hornet stings you!
You suddenly lose the ability to move!
The hornet stings you.
You feel yourself slow down.
The bullfrog swells and bulges.
The hornet stings you.
You feel as though you will be slow longer.
The hornet stings you!
* * * LOW HITPOINT WARNING * * *
You feel as though you will be slow longer.
The hornet stings you.
* * * LOW HITPOINT WARNING * * *
You are lethally poisoned!
You feel as though you will be slow longer.
The ogre hits you with a giant spiked club!
You die...

* , ############
##........... , ,
,, * ##............
#....O@F...... *
#......y...... , ,
, **#.............
, ,
................,
,.................
,...##..!.......(..
, ,,
................##
*** ..
##...........# , *


You could see a hornet, an ogre and a bullfrog.

Vanquished Creatures
  Pikel (D:7)
  The ghost of M4edhros the Covert, a novice NaAs of Cheibriados (D:4)
  Prince Ribbit (D:6)
  The ghost of luab the Cudgeler, an amateur GrFi (D:3)
  A hippogriff (D:7)
  Sigmund (D:2)
  The ghost of luab the Stinger, an amateur DEVM (D:5)
  3 orc warriors
  A necrophage (D:7)
  A sky beast (D:7)
  A black bear (D:7)
  2 ogres
  A centaur (D:7)
  A gnoll sergeant (D:5)
  2 scorpions
  5 wights (D:7)
  2 howler monkeys
  2 crimson imps
  2 bullfrog zombies (D:7)
  A jelly (D:6)
  A quasit (D:8)
  2 orc priests
  Crazy Yiuf (D:2)
  A centaur skeleton (D:6)
  A gnoll shaman (D:5)
  A hound (D:5)
  3 orc wizards (D:6)
  2 worker ants
  An iguana (D:4)
  5 adders
  12 gnolls
  A howler monkey skeleton (D:5)
  An ooze (D:2)
  2 adder skeletons
  3 worms
  5 dart slugs
  11 leopard geckos
  16 orcs
  4 bats
  3 giant cockroaches
  7 goblins
  7 hobgoblins
  2 jackals (D:2)
  5 quokkas
  2 ball pythons
  10 frilled lizards
  A hobgoblin zombie (D:8)
  7 kobolds
  3 quokka skeletons
  9 rats
160 creatures vanquished.

Vanquished Creatures (others)
  A bullfrog (D:7)
  A crimson imp (D:7)
  An orc wizard (D:7)
  A worker ant (D:7)
  An adder (D:7)
  A quokka (D:7)
  A frilled lizard (D:7)
7 creatures vanquished.

Grand Total: 167 creatures vanquished

Notes
Turn   | Place    | Note
-------+----------+-------------------------------------------
     0 | D:1      | Isola the Tengu Gladiator began the quest for the Orb.
     0 | D:1      | Reached XP level 1. HP: 12/12 MP: 2/2
   346 | D:1      | Reached XP level 2. HP: 17/17 MP: 3/3
   421 | D:1      | Reached skill level 4 in Long Blades
   735 | D:1      | Reached XP level 3. HP: 18/21 MP: 4/4
  1164 | D:2      | Found an opulent altar of Gozag.
  1166 | D:2      | Found a glowing silver altar of Zin.
  1168 | D:2      | Found a shattered altar of Ashenzari.
  1189 | D:2      | Became a worshipper of Ashenzari the Shackled
  1643 | D:2      | Noticed Sigmund
  1896 | D:2      | Killed Sigmund
  1896 | D:2      | Reached skill level 5 in Long Blades
  1896 | D:2      | Reached XP level 4. HP: 14/26 MP: 5/5
  1896 | D:2      | Gained mutation: You can fly. [Tengu growth]
  1896 | D:2      | Reached XP level 5. HP: 17/30 MP: 6/6
  2155 | D:2      | Reached XP level 6. HP: 31/35 MP: 7/7
  2625 | D:2      | Found a runed door.
  2629 | D:2      | Noticed Crazy Yiuf
  2643 | D:2      | Killed Crazy Yiuf
  2900 | D:2      | Found a sparkling altar of Nemelex Xobeh.
  3492 | D:3      | Reached skill level 6 in Long Blades
  3559 | D:3      | Noticed luab's ghost (amateur GrFi)
  3906 | D:4      | Reached skill level 5 in Dodging
  4137 | D:4      | Noticed M4edhros's ghost (novice NaAs)
  4413 | D:4      | Found a burning altar of Makhleb.
  4445 | D:4      | Reached * piety under Ashenzari
  4548 | D:4      | Reached XP level 7. HP: 2/40 MP: 5/8
  4882 | D:4      | Killed M4edhros's ghost
  4882 | D:4      | Reached skill level 7 in Long Blades
  4894 | D:4      | Found a basalt altar of Yredelemnul.
  5108 | D:4      | Found a white marble altar of Elyvilon.
  5436 | D:5      | Entered Level 5 of the Dungeon
  5474 | D:5      | Noticed luab's ghost (amateur DEVM)
  5477 | D:5      | Reached XP level 8. HP: 21/44 MP: 5/9
  5804 | D:5      | Killed luab's ghost
  5804 | D:5      | Reached skill level 8 in Long Blades
  6681 | D:5      | Reached skill level 1 in Shields
  6949 | D:6      | Reached skill level 9 in Long Blades
  7177 | D:6      | Noticed Prince Ribbit
  7236 | D:6      | Killed Prince Ribbit
  7236 | D:6      | Reached XP level 9. HP: 13/48 MP: 6/10
  7519 | D:6      | HP: 2/48 [gnoll/spear (1)]
  8205 | D:3      | Killed luab's ghost
  8261 | D:7      | Found a staircase to the Ecumenical Temple.
  8346 | Temple   | Entered the Ecumenical Temple
  8414 | D:7      | Reached skill level 10 in Long Blades
  8707 | D:7      | Noticed Pikel
  8721 | D:7      | Killed Pikel
  8916 | D:7      | Found a sacrificial altar of Ru.
  8934 | D:7      | Reached ** piety under Ashenzari
  8943 | D:7      | Reached skill level 11 in Long Blades
  9150 | D:7      | Reached XP level 10. HP: 53/53 MP: 7/11
  9361 | D:7      | Found a stormy altar of Qazlal.
  9949 | D:8      | Noticed Psyche
  9974 | D:8      | Paralysed by a hornet for 3 turns
  9977 | D:8      | Mangled by an ogre

Vault maps used:
D:1:      co_arrival_random_square_maze, hex_intersection
D:2:      lemuel_doored_altar, grunt_temple_overflow_diamond, solitary_fountain,
          uniq_sigmund, uniq_crazy_yiuf_cottage
D:3:      marbit_many_paths, first_bread, serial_bayou_ford_a, uniq_grinder
D:4:      kennysheep_ying_yang, lightli_temple_of_fire
D:5:      grunt_ministairs_1, lightli_minifort
D:6:      uniq_prince_ribbit1
D:7:      nicolae_ru_great_annihilating_truth, kennysheep_mini,
          minmay_temple_entry_purple_smoke, uniq_pikel
D:8:      nicolae_tso_besieged_by_evil, okawaru_humans, uniq_psyche
Temple:   corrupted_temple

Skill      XL: |  1  2  3  4  5  6  7  8  9 |
---------------+----------------------------+-----
Long Blades    | 4 5 6 7 9 11 | 11.4
Armour         | 2 3 4 |  4.7
Dodging        | 4 5 7 8 |  8.5
Shields        | 2 4 |  4.6
Fighting       | |  2.6
Throwing       | |  2.0

Action                   |  1- 3 |  4- 6 |  7- 9 | 10-12 || total
-------------------------+-------+-------+-------+-------++-------
Melee: Long sword        |    86 |   137 |   227 |    58 ||   508
       Kick              |    34 |    37 |    73 |    17 ||   161
       Peck              |    21 |    26 |    60 |    11 ||   118
Throw: Throwing net      |     2 |     2 |     1 |       ||     5
       Javelin           |       |     1 |     5 |     3 ||     9
Invok: Curse Item        |       |       |     2 |       ||     2
 Abil: Fly               |       |     4 |    14 |     2 ||    20
  Use: Scroll            |       |     3 |     2 |       ||     5
       Potion            |       |       |    10 |       ||    10
 Stab: Sleeping          |     2 |       |       |       ||     2
       Held in net/web   |     1 |       |       |       ||     1
       Invisible         |       |     2 |     1 |       ||     3
       Paralysed         |       |       |     1 |       ||     1
  Eat: Chunk             |     3 |     7 |    14 |     3 ||    27
       Bread ration      |       |       |     1 |       ||     1
Armor: Leather armour    |    13 |    15 |    39 |    13 ||    80
Dodge: Dodged            |    65 |    96 |   142 |    39 ||   342
Block: Buckler           |       |       |       |     9 ||     9
       Rpst.: Long sword |    19 |    33 |    49 |     9 ||   110
